[Event "Titled Tuesday Blitz November 14 Late 2023"]
[White "Makarian, Rudik"]
[Black "VitaliyChayka"]
[WhiteFideId "44105681"]
[WhiteElo "2954"]
[BlackElo "2340"]
[Result "1-0"]
[Round "5"]
[TimeControl "180+1"]
[Date "2023.11.14"]
[WhiteClock "0:00:22"]
[BlackClock "0:00:10"]
[Board "45"]

1. d4 d6 2. Nf3 Nd7 3. e4 e5 4. Bc4 Be7 5. dxe5 Nxe5 6. Nxe5 dxe5 7. Qh5 g6 8. Qxe5 Nf6 9. Bh6 Qd6 10. Qxd6 cxd6 11. f3 Be6 12. Bb3 O-O-O 13. Nc3 d5 14. exd5 Nxd5 15. Nxd5 Bxd5 16. O-O-O Bxb3 17. axb3 Bf6 18. c3 Kc7 19. Be3 a6 20. Kc2 Kc6 21. Rxd8 Rxd8 22. Rd1 Re8 23. Kd3 h5 24. h3 Bd8 25. Bd4 Bc7 26. Rd2 Re1 27. Re2 Rd1+ 28. Kc2 Rh1 29. b4 Kd7 30. Kb3 Bd6 31. Be5 Bxe5 32. Rxe5 Rd1 33. Re2 f6 34. Kc2 Rg1 35. Kd3 Kd6 36. Ke4 b6 37. Kf4 a5 38. bxa5 bxa5 39. h4 Rb1 40. g3 Ra1 41. g4 Rh1 42. Kg3 Kd5 43. Re4 Rb1 44. Ra4 hxg4 45. Rxa5+ Ke6 46. Ra6+ Ke5 47. Ra5+ Ke6 48. b4 gxf3 49. Rc5 Rb3 50. Kxf3 Kd6 51. Ke4 Rb1 52. h5 f5+ 53. Kd3 gxh5 54. Rxf5 h4 55. Rh5 Rh1 56. Kc4 Kc6 57. Rh6+ Kc7 1-0


[Site "https://www.chess.com"]

[Event "Titled Tuesday Blitz November 14 Late 2023"]
[White "Chylewski, Patryk"]
[Black "Urazayev, Arystanbek"]
[WhiteFideId "1186191"]
[BlackFideId "13709810"]
[WhiteElo "2540"]
[BlackElo "2836"]
[Result "1-0"]
[Round "5"]
[TimeControl "180+1"]
[Date "2023.11.14"]
[WhiteClock "0:00:14"]
[BlackClock "0:00:21"]
[Board "46"]

1. c4 e5 2. Nc3 Nf6 3. Nf3 e4 4. Ng5 c6 5. Ngxe4 Nxe4 6. Nxe4 d5 7. cxd5 cxd5 8. Nc3 d4 9. Nb1 Nc6 10. d3 Bd6 11. g3 h5 12. h4 Qa5+ 13. Nd2 Bg4 14. Bg2 O-O 15. O-O Be7 16. Nf3 Rac8 17. Bd2 Qb5 18. Qb3 Qxb3 19. axb3 Bf6 20. Rfc1 Rfe8 21. Kf1 a6 22. Rc2 Be6 23. b4 Bb3 24. Rcc1 Be7 25. Ng5 Bxb4 26. Bxb4 Nxb4 27. Bxb7 Rxc1+ 28. Rxc1 f6 29. Nf3 Rd8 30. Rc8 Rxc8 31. Bxc8 Kf7 32. Nxd4 Ke7 33. Ke1 Bd5 34. Kd2 Kd8 35. Be6 Bb7 36. Bc4 Ke7 37. Kc3 a5 38. Nb3 Na2+ 39. Kd2 Nb4 40. Nxa5 Bg2 41. Kc3 Nc6 42. Nxc6+ Bxc6 43. b4 g5 44. b5 Bb7 45. d4 f5 46. hxg5 f4 47. Kd3 Kf8 48. d5 Kg7 49. Ke4 fxg3 50. fxg3 Kg6 51. Kf4 Bc8 52. e4 Bd7 53. e5 Bc8 54. b6 Be6 55. dxe6 1-0


[Site "https://www.chess.com"]

[Event "Titled Tuesday Blitz November 14 Late 2023"]
[White "Weimarraner"]
[Black "Arifarsky"]
[WhiteElo "2532"]
[BlackElo "2723"]
[Result "0-1"]
[Round "5"]
[TimeControl "180+1"]
[Date "2023.11.14"]
[WhiteClock "0:00:36"]
[BlackClock "0:00:40"]
[Board "47"]

1. d4 Nf6 2. Nf3 d5 3. e3 g6 4. b4 Bg7 5. Be2 a5 6. b5 O-O 7. O-O c5 8. bxc6 Nxc6 9. Ba3 Re8 10. Nbd2 Bf5 11. c4 dxc4 12. Nxc4 Nd5 13. Qd2 b5 14. Nce5 Nxe5 15. Nxe5 b4 16. Bb2 Bxe5 17. dxe5 Nf4 18. Rfd1 Nxe2+ 19. Qxe2 Qb6 20. e6 Bxe6 21. h4 Red8 22. h5 Qc5 23. hxg6 hxg6 24. Qf3 f6 25. Rxd8+ Rxd8 26. Bxf6 exf6 27. Qxf6 Re8 28. Qxg6+ Kf8 29. Qh6+ Ke7 30. Rd1 Qe5 31. Qh4+ Qf6 32. Qd4 Qxd4 0-1


[Site "https://www.chess.com"]

[Event "Titled Tuesday Blitz November 14 Late 2023"]
[White "Ponce Cano, Adrian"]
[Black "Djokic, Mihailo"]
[WhiteFideId "22296913"]
[BlackFideId "976440"]
[WhiteElo "2528"]
[BlackElo "2674"]
[Result "1/2-1/2"]
[Round "5"]
[TimeControl "180+1"]
[Date "2023.11.14"]
[WhiteClock "0:00:05"]
[BlackClock "0:00:26"]
[Board "48"]

1. e4 c5 2. Nf3 d6 3. c3 Nf6 4. Be2 Nc6 5. d4 cxd4 6. cxd4 d5 7. e5 Ne4 8. Nc3 Nxc3 9. bxc3 Bf5 10. O-O e6 11. Bg5 Be7 12. Bxe7 Qxe7 13. Rc1 Rc8 14. Bd3 Bxd3 15. Qxd3 O-O 16. g3 Na5 17. h4 h6 18. Nd2 Qa3 19. Rc2 Rc7 20. Rfc1 Rfc8 21. f4 Nc4 22. Nf3 Nb2 23. Qd2 Na4 24. f5 Rxc3 25. fxe6 fxe6 26. Kg2 Rxc2 27. Rxc2 Rxc2 28. Qxc2 Qb2 29. Qxb2 Nxb2 30. Kf2 Kf7 31. Ke2 Ke7 32. Kd2 Nc4+ 33. Kc3 Ne3 34. Kd3 Nc4 35. Kc3 Kd7 36. g4 g6 37. h5 gxh5 38. gxh5 Ne3 39. Nh4 Nf1 40. Ng6 Ng3 41. Nf4 a5 42. Kd3 b5 43. Kc3 Nf5 44. a3 Ng7 45. Kd3 Kc6 46. Kc3 Kb6 47. Kb3 Kc6 48. Kc3 Kd7 49. Kb3 Nf5 50. Kc3 Ng3 51. Kb3 Ne4 52. Ne2 Nd2+ 53. Kc3 Nc4 54. Kb3 Ne3 55. Kc3 Ng2 56. Kb3 Kc6 57. Kc3 Kb6 58. Kb3 Ne1 59. Kc3 Nf3 60. Nf4 b4+ 61. axb4 axb4+ 62. Kxb4 Nxd4 63. Kc3 Nf3 64. Nxe6 Nxe5 65. Kd4 Ng4 66. Nf4 Kc6 67. Nxd5 Kd6 68. Nf4 Nf6 69. Ke3 Ke5 70. Kf3 Kf5 71. Kg3 Kg5 72. Kf3 Ng4 73. Kg3 Nf6 74. Kf3 Nd7 75. Kg3 Nc5 76. Kf3 Kh4 77. Ng2+ Kxh5 78. Nf4+ Kg5 79. Nh3+ Kf5 80. Nf4 Nd7 81. Nh5 Ne5+ 82. Kg2 Nd7 83. Kf3 Kg5 84. Ng3 Ne5+ 85. Kg2 Kg4 86. Ne4 Ng6 87. Nf6+ Kf5 88. Nd5 h5 89. Ne3+ Ke4 90. Nf1 Kf4 91. Kh3 Kg5 92. Ng3 Nf4+ 93. Kh2 h4 94. Ne4+ Kg4 95. Nf2+ Kf3 96. Nh3 Ne6 97. Ng1+ Kg4 98. Ne2 Ng5 99. Ng1 Kh5 100. Kg2 Kg4 101. Kh2 Nf7 102. Kg2 Nd6 103. Kh2 Nf5 104. Kg2 Nd4 105. Kh2 Nc2 106. Ne2 Ne1 107. Ng1 Kh5 108. Kh3 Nd3 109. Nf3 Nf4+ 110. Kh2 h3 111. Ng1 Kg4 112. Nxh3 1/2-1/2


[Site "https://www.chess.com"]

[Event "Titled Tuesday Blitz November 14 Late 2023"]
[White "Karas, Marek"]
[Black "Bjelobrk, Igor"]
[WhiteFideId "14928558"]
[BlackFideId "4300726"]
[WhiteElo "2525"]
[BlackElo "2669"]
[Result "0-1"]
[Round "5"]
[TimeControl "180+1"]
[Date "2023.11.14"]
[WhiteClock "0:00:00"]
[BlackClock "0:00:16"]
[Board "49"]

1. e4 e6 2. d4 d5 3. Nc3 Bb4 4. e5 b6 5. a3 Bf8 6. f3 Ne7 7. Bd3 Ba6 8. Nge2 c5 9. Bxa6 Nxa6 10. O-O Nc6 11. f4 cxd4 12. Nb5 Nc5 13. Nbxd4 Nxd4 14. Nxd4 g6 15. Be3 Qd7 16. Qe2 Rc8 17. Rfd1 Ne4 18. c3 Be7 19. a4 a5 20. Qb5 Bc5 21. Qxd7+ Kxd7 22. Nc2 h5 23. g3 h4 24. Kg2 h3+ 25. Kf3 Ke7 26. Bd4 g5 27. Ne3 Rcg8 28. f5 exf5 29. Nxf5+ Ke6 30. g4 Rg6 31. b4 Bxd4 32. cxd4 Rc8 33. Rdc1 Rgg8 34. bxa5 bxa5 35. Ke3 Kd7 36. Rab1 Rxc1 37. Rxc1 Rb8 38. Kd3 Rb3+ 39. Kc2 Rb4 40. Rb1 Rxb1 41. Kxb1 Nc3+ 42. Kc2 Nxa4 43. Ne3 Ke6 44. Nd1 Nb6 45. Nf2 Nc4 46. Nxh3 f6 47. exf6 Kxf6 48. Nf2 a4 49. Kc3 Ke6 50. Kb4 a3 51. Kb3 Kf6 52. Nd3 Nd2+ 53. Kxa3 Nf3 54. Kb4 Nxd4 55. Kc5 Nf3 56. h3 Ng1 57. Nf2 Ke5 58. Nd3+ Ke4 59. Nf2+ Ke3 60. Nd1+ Kd2 61. Nf2 Ke2 62. Nh1 Kf3 63. Kxd5 Nxh3 64. Ke5 Kg2 65. Ke4 Kxh1 66. Kf3 Kh2 67. Ke4 Kg3 68. Kf5 Kh4 0-1


[Site "https://www.chess.com"]

[Event "Titled Tuesday Blitz November 14 Late 2023"]
[White "Slaby, Jerzy"]
[Black "Ferreira, Vitor Hugo Vieira"]
[WhiteFideId "1121405"]
[BlackFideId "2119765"]
[WhiteElo "2665"]
[BlackElo "2517"]
[Result "0-1"]
[Round "5"]
[TimeControl "180+1"]
[Date "2023.11.14"]
[WhiteClock "0:00:42"]
[BlackClock "0:00:19"]
[Board "50"]

1. Nf3 Nf6 2. b3 d5 3. Bb2 c6 4. e3 Bg4 5. h3 Bh5 6. c4 e6 7. Nc3 Nbd7 8. g4 Bg6 9. Nh4 Be4 10. Nxe4 dxe4 11. g5 Ng8 12. Rg1 Nc5 13. Qg4 a5 14. O-O-O a4 15. b4 Nd3+ 16. Bxd3 Qxd3 17. a3 Qxc4+ 18. Kb1 Qd3+ 19. Ka1 Ne7 20. f3 exf3 21. Qxf3 Nd5 22. Rgf1 O-O-O 23. Qxf7 Bxb4 24. Qxe6+ Rd7 25. Qf5 Qb3 26. Qb1 Bxa3 27. Bxa3 Qxa3+ 28. Qa2 Qxa2+ 29. Kxa2 Rhd8 30. Nf5 Nc3+ 31. dxc3 Rxd1 32. Rf4 b5 33. Ka3 c5 34. Re4 R8d2 0-1


[Site "https://www.chess.com"]

[Event "Titled Tuesday Blitz November 14 Late 2023"]
[White "Omariev, Maksim"]
[Black "Maltsevskaya, Aleksandra"]
[WhiteFideId "4193423"]
[BlackFideId "24174041"]
[WhiteElo "2510"]
[BlackElo "2655"]
[Result "1-0"]
[Round "5"]
[TimeControl "180+1"]
[Date "2023.11.14"]
[WhiteClock "0:00:04"]
[BlackClock "0:00:00"]
[Board "51"]

1. g4 e5 2. Bg2 d5 3. d4 e4 4. c4 c6 5. Nc3 Bb4 6. Qb3 a5 7. cxd5 cxd5 8. Bd2 Ne7 9. f3 Nbc6 10. e3 O-O 11. fxe4 a4 12. Qc2 Bxg4 13. exd5 Bxc3 14. bxc3 Nxd5 15. Ne2 Re8 16. e4 Bxe2 17. Kxe2 Ndb4 18. Qb1 Qh4 19. Be3 Nd5 20. Qe1 Qxe1+ 21. Rhxe1 Nxc3+ 22. Kd3 Nxa2 23. e5 Ncb4+ 24. Ke4 Nc2 25. Rxa2 Nxe1 26. Bf1 b5 27. Re2 a3 28. Rxe1 a2 29. Ra1 b4 30. Bc4 Rec8 31. Bd5 Ra3 32. Rxa2 Rxa2 33. Bxa2 Rc2 34. Bd5 Rb2 35. Kd3 b3 36. Bd2 Rb1 37. Kc3 b2 38. Kc2 Rh1 39. Kxb2 Rxh2 40. Kc3 Kf8 41. Be4 h5 42. d5 h4 43. d6 Ke8 44. Bg5 f6 45. Bc6+ Kd8 46. e6 fxg5 47. e7+ 1-0


[Site "https://www.chess.com"]

[Event "Titled Tuesday Blitz November 14 Late 2023"]
[White "Ventura Bolet, Maxim"]
[Black "Sivakumar, Shaaketh"]
[WhiteFideId "22238824"]
[BlackFideId "30940176"]
[WhiteElo "2504"]
[BlackElo "2645"]
[Result "0-1"]
[Round "5"]
[TimeControl "180+1"]
[Date "2023.11.14"]
[WhiteClock "0:00:25"]
[BlackClock "0:01:42"]
[Board "52"]

1. e4 e6 2. Nf3 d5 3. e5 c5 4. b4 d4 5. c3 dxc3 6. Nxc3 cxb4 7. Ne4 Qd5 8. d3 Nc6 9. Bf4 b6 10. Be2 Ba6 11. O-O Rd8 12. Rc1 Bb5 13. Re1 Bc5 14. Nd6+ Bxd6 15. exd6 Nf6 16. d4 Bxe2 17. Qxe2 O-O 18. Red1 Nh5 19. Bg5 Rxd6 20. Ne5 Nxd4 21. Rxd4 Qxd4 22. Be7 Nf4 23. Qe1 Rd5 24. Nf3 Qb2 25. Bxf8 Qxc1 26. Qxc1 Ne2+ 27. Kf1 Nxc1 28. Bxb4 Rd1+ 29. Be1 Nd3 30. Ke2 Nxe1 31. Kxd1 Nxf3 32. gxf3 Kf8 33. Kd2 Ke7 34. Kd3 Kd6 35. Kc4 a6 36. a4 b5+ 37. axb5 axb5+ 38. Kxb5 Ke5 39. Kc4 Kf4 40. Kd3 Kxf3 41. Kd4 f6 42. Kc5 e5 43. Kd6 e4 44. Ke6 Kxf2 45. Kf7 e3 46. Kxg7 e2 47. Kxh7 e1=Q 48. h4 f5 49. h5 f4 50. h6 f3 51. Kg8 Qe6+ 52. Kh8 Ke2 53. h7 f2 54. Kg7 f1=Q 55. h8=Q Qff6+ 56. Kh7 Qef7+ 57. Qg7 Q6g6+ 58. Kh8 Qe8+ 0-1


[Site "https://www.chess.com"]

[Event "Titled Tuesday Blitz November 14 Late 2023"]
[White "GatoRojo150"]
[Black "WindWhistler11"]
[WhiteElo "2631"]
[BlackElo "2495"]
[Result "1-0"]
[Round "5"]
[TimeControl "180+1"]
[Date "2023.11.14"]
[WhiteClock "0:01:05"]
[BlackClock "0:00:00"]
[Board "53"]

1. e4 e6 2. d4 d5 3. Nc3 Bb4 4. e5 Ne7 5. a3 Bxc3+ 6. bxc3 c5 7. Qg4 Nf5 8. Bd3 h5 9. Qf4 Qa5 10. Bd2 c4 11. Bxf5 exf5 12. Nf3 Nc6 13. a4 Be6 14. O-O Ne7 15. Rfb1 Ng6 16. Qg5 Qc7 17. Bc1 b6 18. Ba3 Qd8 19. Qd2 f4 20. Bd6 Bg4 21. Ne1 Qg5 22. f3 Bf5 23. a5 Rd8 24. axb6 axb6 25. Ra7 h4 26. Rxb6 h3 27. Rbb7 Bd7 28. Qe2 Nh4 29. Bc7 Rc8 30. Bb6 Be6 31. Bc5 Nxg2 32. Re7+ 1-0


[Site "https://www.chess.com"]

[Event "Titled Tuesday Blitz November 14 Late 2023"]
[White "Papasimakopoulos, Alexandros"]
[Black "MFatigue"]
[WhiteFideId "4244125"]
[WhiteElo "2629"]
[BlackElo "2490"]
[Result "1-0"]
[Round "5"]
[TimeControl "180+1"]
[Date "2023.11.14"]
[WhiteClock "0:01:55"]
[BlackClock "0:00:12"]
[Board "54"]

1. d4 d5 2. c4 c6 3. cxd5 cxd5 4. Bf4 Nf6 5. Nc3 Nc6 6. e3 Bg4 7. Qb3 Na5 8. Qa4+ Bd7 9. Qc2 Rc8 10. Nf3 b5 11. a3 e6 12. Bd3 b4 13. axb4 Bxb4 14. O-O O-O 15. Ne5 h6 16. Rfc1 Qb6 17. Nxd7 Nxd7 18. Qd1 Be7 19. Na4 Qb4 20. Rc3 Nb6 21. Nc5 Bxc5 22. dxc5 Rxc5 23. Bd6 Nac4 24. Bxc4 Nxc4 25. Bxc5 Qxc5 26. b3 Qb4 27. Qc2 Na3 28. Qc1 Nb5 29. Rd3 Rd8 30. h3 e5 31. Ra4 Qd6 32. Ra5 Qb6 33. b4 d4 34. Qc5 Qxc5 35. bxc5 Rb8 36. Rb3 1-0


[Site "https://www.chess.com"]

[Event "Titled Tuesday Blitz November 14 Late 2023"]
[White "Gubajdullin, Alexei"]
[Black "ExchangeAB"]
[WhiteFideId "4141202"]
[WhiteElo "2625"]
[BlackElo "2453"]
[Result "1-0"]
[Round "5"]
[TimeControl "180+1"]
[Date "2023.11.14"]
[WhiteClock "0:01:43"]
[BlackClock "0:00:36"]
[Board "55"]

1. d4 Nf6 2. Nf3 c6 3. Bf4 d5 4. Nbd2 Bf5 5. e3 e6 6. c4 Bd6 7. Bxd6 Qxd6 8. Qb3 Qe7 9. Be2 O-O 10. O-O h6 11. Rfc1 Na6 12. cxd5 cxd5 13. Ne5 Rfc8 14. a3 g5 15. h3 Kg7 16. Bxa6 bxa6 17. Qa4 Qd6 18. b4 Qb6 19. Nb3 Qb5 20. Qxb5 axb5 21. f3 Kf8 22. Rc5 Bc2 23. Na5 Rxc5 24. dxc5 Ke7 25. Rc1 Ba4 26. Nac6+ Ke8 27. Nd4 Nd7 28. Ng4 h5 29. Nf2 Ne5 30. e4 Rd8 31. c6 Rc8 32. exd5 exd5 33. Re1 f6 34. Nd3 Kf7 35. Nxe5+ fxe5 36. Rxe5 Kf6 37. Rf5+ Kg6 38. Rxd5 g4 39. hxg4 hxg4 40. fxg4 Bd1 41. g5 Bg4 42. Rxb5 1-0


[Site "https://www.chess.com"]

[Event "Titled Tuesday Blitz November 14 Late 2023"]
[White "Estrada Nieto, Julian"]
[Black "Ambartsumova, Karina"]
[WhiteFideId "5101018"]
[BlackFideId "4166299"]
[WhiteElo "2442"]
[BlackElo "2621"]
[Result "0-1"]
[Round "5"]
[TimeControl "180+1"]
[Date "2023.11.14"]
[WhiteClock "0:00:00"]
[BlackClock "0:01:26"]
[Board "56"]

1. e4 e5 2. Nf3 Nc6 3. Bb5 Nf6 4. O-O Nxe4 5. Re1 Nd6 6. Nxe5 Nxe5 7. Rxe5+ Be7 8. Bf1 O-O 9. Nc3 Bf6 10. Re1 c6 11. d4 Nf5 12. d5 Re8 13. Ne4 Be5 14. d6 Bxd6 15. g4 Nh4 16. Bg5 Be7 17. Nd6 Ng6 18. Bd3 Rf8 19. Bxe7 Nxe7 20. Qe2 Ng6 21. Qe4 Qf6 0-1


[Site "https://www.chess.com"]

[Event "Titled Tuesday Blitz November 14 Late 2023"]
[White "Marcziter, Dmitrii"]
[Black "Guerra Tulcan, Lenin"]
[WhiteFideId "13900765"]
[BlackFideId "3601382"]
[WhiteElo "2437"]
[BlackElo "2605"]
[Result "0-1"]
[Round "5"]
[TimeControl "180+1"]
[Date "2023.11.14"]
[WhiteClock "0:00:16"]
[BlackClock "0:00:11"]
[Board "57"]

1. d4 Nf6 2. c4 e6 3. Nf3 Bb4+ 4. Nbd2 c5 5. a3 Bxd2+ 6. Bxd2 cxd4 7. Nxd4 O-O 8. g3 d5 9. Bg2 Nc6 10. Nxc6 bxc6 11. O-O Ba6 12. cxd5 cxd5 13. b4 Bc4 14. Re1 Qb6 15. Be3 Qb5 16. Bc5 Rfc8 17. a4 Qe8 18. Bd4 Nd7 19. e4 dxe4 20. Bxe4 Rab8 21. b5 a6 22. Bc6 axb5 23. Qg4 g6 24. axb5 Bxb5 25. Bxd7 Qxd7 26. Ra7 Qd5 27. Qf4 e5 28. Rxe5 Rc1+ 29. Qxc1 Qxd4 30. Rc5 Rd8 31. Rc8 Rxc8 32. Qxc8+ Kg7 33. Qb7 Qd1+ 34. Kg2 Bf1+ 35. Kg1 Bh3# 0-1


[Site "https://www.chess.com"]

[Event "Titled Tuesday Blitz November 14 Late 2023"]
[White "aghasiyevkamal"]
[Black "Bettalli, Francesco"]
[BlackFideId "2816453"]
[WhiteElo "2588"]
[BlackElo "2556"]
[Result "0-1"]
[Round "5"]
[TimeControl "180+1"]
[Date "2023.11.14"]
[WhiteClock "0:00:11"]
[BlackClock "0:00:20"]
[Board "58"]

1. e4 e5 2. Nf3 Nf6 3. Nxe5 Nc6 4. Nf3 Nxe4 5. d4 d5 6. Bd3 Bd6 7. c4 O-O 8. O-O Bf5 9. Nc3 Nxc3 10. bxc3 Bxd3 11. Qxd3 dxc4 12. Qxc4 Na5 13. Qd3 h6 14. c4 Nc6 15. Bb2 Qf6 16. Rad1 Rad8 17. Qb3 Qf4 18. Bc1 Qf6 19. c5 Bf4 20. Bb2 Na5 21. Qb4 b6 22. d5 Qf5 23. Qd4 f6 24. Rfe1 Nb7 25. c6 Nc5 26. Qc4 Bd6 27. Ba3 Kh8 28. Nh4 Qg5 29. Bc1 Qh5 30. Rd4 Rfe8 31. Rf1 Qe2 32. Qc2 Qxc2 0-1


[Site "https://www.chess.com"]

[Event "Titled Tuesday Blitz November 14 Late 2023"]
[White "Garrido, Denis"]
[Black "Lymar, Vladislav"]
[WhiteFideId "601217"]
[BlackFideId "14162180"]
[WhiteElo "2387"]
[BlackElo "2581"]
[Result "0-1"]
[Round "5"]
[TimeControl "180+1"]
[Date "2023.11.14"]
[WhiteClock "0:01:12"]
[BlackClock "0:00:44"]
[Board "59"]

1. e4 d6 2. d4 Nf6 3. Nc3 e5 4. Nge2 Be7 5. h3 h5 6. g3 Nbd7 7. Bg2 c6 8. Be3 O-O 9. Qd2 b5 10. a3 a5 11. O-O Bb7 12. f4 Qc7 13. f5 b4 14. Nd1 exd4 15. Nxd4 c5 16. Nb5 Qb6 17. a4 Nxe4 18. Qe1 Ndf6 19. Bf3 Rfe8 20. g4 hxg4 21. hxg4 Nh7 22. Nf2 Nxf2 23. Qxf2 Bg5 24. Bxg5 Nxg5 25. Bxb7 Nh3+ 26. Kg2 Nxf2 27. Kxf2 Qxb7 28. Nxd6 Qc7 29. Nxe8 Qf4+ 0-1


[Site "https://www.chess.com"]

[Event "Titled Tuesday Blitz November 14 Late 2023"]
[White "sjoerd893"]
[Black "TheAlienParty"]
[WhiteElo "2566"]
[BlackElo "2381"]
[Result "1-0"]
[Round "5"]
[TimeControl "180+1"]
[Date "2023.11.14"]
[WhiteClock "0:00:26"]
[BlackClock "0:00:20"]
[Board "60"]

1. e4 e5 2. Nf3 Nc6 3. Bc4 Bc5 4. c3 Nf6 5. d3 O-O 6. Nbd2 d5 7. exd5 Nxd5 8. Ne4 Be7 9. O-O h6 10. Re1 a5 11. Ng3 Bg4 12. h3 Bxf3 13. Qxf3 Nb6 14. Bb3 a4 15. Bc2 Bc5 16. Nf5 Kh8 17. Qe4 Nd5 18. d4 Nf6 19. Qd3 e4 20. Qg3 Nh5 21. Qg4 g6 22. dxc5 Nf6 23. Qh4 h5 24. Bg5 Qd7 25. Bxf6+ Kh7 26. Bxe4 Rae8 27. Qg5 1-0


[Site "https://www.chess.com"]

[Event "Titled Tuesday Blitz November 14 Late 2023"]
[White "Arnold, Ken"]
[Black "Avalos Parra, Joao"]
[WhiteFideId "2056836"]
[BlackFideId "3402541"]
[WhiteElo "2420"]
[BlackElo "2344"]
[Result "0-1"]
[Round "5"]
[TimeControl "180+1"]
[Date "2023.11.14"]
[WhiteClock "0:00:01"]
[BlackClock "0:00:10"]
[Board "61"]

1. d4 d5 2. Nf3 Nf6 3. Bg5 e6 4. c3 Nbd7 5. e3 Be7 6. Bd3 b6 7. Nbd2 Bb7 8. O-O O-O 9. Qc2 h6 10. Bh4 Rc8 11. Rad1 c5 12. Rfe1 a6 13. h3 b5 14. Ne5 b4 15. Nxd7 Nxd7 16. Bxe7 Qxe7 17. cxb4 cxd4 18. Qb3 dxe3 19. Rxe3 Qf6 20. Nf3 h5 21. Rde1 d4 22. R3e2 Bd5 23. Qa3 Bxf3 24. gxf3 g6 25. Bxa6 Rc1 26. Qd3 Rxe1+ 27. Rxe1 Ne5 28. Rxe5 Qxe5 29. b5 Qg5+ 30. Kf1 Qc1+ 31. Kg2 Qxb2 32. a4 Rd8 33. a5 Qc3 34. Qe4 Qxa5 0-1


[Site "https://www.chess.com"]

[Event "Titled Tuesday Blitz November 14 Late 2023"]
[White "Fernandez Bustamante, Leancy B."]
[Black "BardArtem"]
[WhiteFideId "3523870"]
[WhiteElo "2381"]
[BlackElo "2823"]
[Result "0-1"]
[Round "5"]
[TimeControl "180+1"]
[Date "2023.11.14"]
[WhiteClock "0:00:22"]
[BlackClock "0:01:12"]
[Board "62"]

1. e4 e5 2. Nf3 Nc6 3. Nc3 Nf6 4. Bb5 Bb4 5. O-O O-O 6. d3 Bxc3 7. bxc3 d6 8. Bg5 Qe7 9. Re1 Nd8 10. Bc4 Be6 11. Bb3 a5 12. Rb1 b6 13. Bd5 Bxd5 14. exd5 h6 15. Bxf6 Qxf6 16. d4 Re8 17. dxe5 dxe5 18. Nd2 Qg6 19. Qf3 Nb7 20. Nc4 Nd6 21. Nxe5 Qxc2 22. h3 Rxe5 23. Rec1 Qe4 24. Qg3 Rae8 25. Re1 Qxd5 26. Red1 Qxa2 27. Ra1 Qc4 28. f4 Re3 29. Qg4 Rxc3 30. Qd7 Qc6 31. Qg4 Rc2 32. Re1 Rxe1+ 33. Rxe1 Rc1 34. Rxc1 Qxc1+ 35. Kh2 a4 36. Qd7 Qxf4+ 37. Kh1 a3 38. Qd8+ Kh7 39. Qa8 Qc1+ 40. Kh2 Qb2 0-1


[Site "https://www.chess.com"]

[Event "Titled Tuesday Blitz November 14 Late 2023"]
[White "Kovacsy, Barnabas"]
[Black "Klekowski, Maciej"]
[WhiteFideId "769290"]
[BlackFideId "1132717"]
[WhiteElo "2515"]
[BlackElo "2819"]
[Result "0-1"]
[Round "5"]
[TimeControl "180+1"]
[Date "2023.11.14"]
[WhiteClock "0:00:15"]
[BlackClock "0:01:50"]
[Board "63"]

1. e4 d5 2. exd5 Nf6 3. Nc3 Nxd5 4. Nxd5 Qxd5 5. Nf3 Bg4 6. Be2 Nc6 7. h3 Bh5 8. d3 e5 9. O-O Bd6 10. Be3 O-O 11. Nd2 Bxe2 12. Qxe2 f5 13. Qf3 Qf7 14. Nb3 Rae8 15. Bc5 Kh8 16. Bxd6 cxd6 17. Qe2 f4 18. f3 d5 19. Rfe1 Nd4 20. Nxd4 exd4 21. Qd2 Re3 22. c3 dxc3 23. bxc3 Rfe8 24. Rxe3 fxe3 25. Qe2 d4 26. cxd4 Qf4 27. Rb1 b6 28. Rb4 Rc8 29. Rc4 Rxc4 30. dxc4 Qxd4 31. Kf1 Kg8 32. Ke1 Qc3+ 33. Kf1 Qc1+ 34. Qe1 Qxc4+ 35. Qe2 Qd4 36. Ke1 Qc3+ 37. Kf1 Kf7 38. f4 Ke7 39. f5 Qc1+ 40. Qe1 Qxe1+ 41. Kxe1 Kf6 42. Ke2 Kxf5 43. Kxe3 Ke5 44. g3 b5 45. Kd3 a5 46. Kc3 Ke4 0-1


[Site "https://www.chess.com"]

[Event "Titled Tuesday Blitz November 14 Late 2023"]
[White "jactorres"]
[Black "Brodsky, David"]
[BlackFideId "2073250"]
[WhiteElo "2512"]
[BlackElo "2783"]
[Result "0-1"]
[Round "5"]
[TimeControl "180+1"]
[Date "2023.11.14"]
[WhiteClock "0:00:33"]
[BlackClock "0:00:14"]
[Board "64"]

1. e4 e5 2. Nf3 Nc6 3. Bb5 a6 4. Ba4 Nf6 5. O-O Be7 6. Re1 b5 7. Bb3 O-O 8. a4 Bb7 9. d3 d6 10. Nbd2 Nd7 11. c3 Nc5 12. Bc2 d5 13. d4 exd4 14. cxd4 Nxe4 15. Nxe4 dxe4 16. Bxe4 Bb4 17. Re2 Qd6 18. g3 Rfe8 19. Bf4 Qd7 20. Ne5 Nxe5 21. dxe5 Qxd1+ 22. Rxd1 Bxe4 23. Rxe4 c5 24. Rd5 bxa4 25. Be3 Rad8 26. Rd6 Rxd6 27. exd6 Rxe4 28. d7 Ba5 0-1


[Site "https://www.chess.com"]

[Event "Titled Tuesday Blitz November 14 Late 2023"]
[White "HeroRubiksCube"]
[Black "Goltsev, Dmitry"]
[BlackFideId "24176710"]
[WhiteElo "2511"]
[BlackElo "2718"]
[Result "0-1"]
[Round "5"]
[TimeControl "180+1"]
[Date "2023.11.14"]
[WhiteClock "0:00:37"]
[BlackClock "0:00:46"]
[Board "65"]

1. d4 e6 2. c4 b6 3. Nc3 Nf6 4. e4 d5 5. e5 Ne4 6. Nxe4 dxe4 7. Ne2 Nc6 8. Be3 Nb4 9. Nc3 Bb7 10. a3 Nd3+ 11. Bxd3 exd3 12. O-O Qh4 13. Qxd3 O-O-O 14. f3 Be7 15. Rad1 g5 16. Bf2 Qh5 17. Ne4 g4 18. Ng3 Qg5 19. f4 Qg7 20. f5 Bg5 21. Be3 h5 22. Bxg5 Qxg5 23. Ne4 Qg7 24. Qe3 Rhg8 25. fxe6 fxe6 26. Rf6 h4 27. Rdf1 h3 28. Rf7 Qg6 29. R1f6 Qxe4 30. Qxe4 Bxe4 31. Rxe6 Rxd4 32. Ree7 Rd1+ 33. Kf2 hxg2 0-1


[Site "https://www.chess.com"]

[Event "Titled Tuesday Blitz November 14 Late 2023"]
[White "Tristan, Leonardo"]
[Black "JackRodgers"]
[WhiteFideId "113816"]
[WhiteElo "2704"]
[BlackElo "2510"]
[Result "0-1"]
[Round "5"]
[TimeControl "180+1"]
[Date "2023.11.14"]
[WhiteClock "0:00:00"]
[BlackClock "0:00:05"]
[Board "66"]

1. d4 Nf6 2. Bf4 d6 3. Nc3 g6 4. e4 Bg7 5. Nf3 O-O 6. Be2 a6 7. a4 b6 8. O-O Bb7 9. d5 c6 10. Re1 Nbd7 11. Bf1 Nc5 12. dxc6 Bxc6 13. e5 Nh5 14. exd6 exd6 15. Bxd6 Re8 16. a5 Rxe1 17. Nxe1 Ne4 18. Nxe4 Bxe4 19. c3 bxa5 20. Be2 Nf6 21. Be5 Qb6 22. c4 Ng4 23. Bxg4 Bxe5 24. Qe2 Qxb2 25. Ra2 Qxe2 26. Rxe2 f5 27. Bf3 a4 28. Bxe4 fxe4 29. Rxe4 Bf6 30. Nc2 Rb8 31. Kf1 Rb2 32. Na3 Ra2 33. Re6 Bb2 34. Nc2 Bc3 35. Ne3 a5 36. Re8+ Kf7 37. Rb8 Bb4 38. Rb7+ Kf6 39. Nd5+ Kg5 40. Nxb4 axb4 41. Rxb4 a3 42. g3 Kf5 43. Ra4 Ke5 44. Kg2 Kd4 45. Ra7 Kxc4 46. Rc7+ Kb4 47. Rb7+ Kc3 48. Rxh7 Rd2 49. Ra7 a2 50. Kf3 Kb2 51. Ke3 Rc2 52. f3 Rxh2 53. Kf4 Rh5 54. g4 Rb5 55. Ke4 g5 56. f4 Rb4+ 57. Kf5 gxf4 58. g5 f3 59. g6 f2 60. g7 f1=Q+ 61. Kg6 Rg4+ 62. Kh7 Rxg7+ 63. Kxg7 a1=Q 64. Rf7 Qxf7+ 65. Kxf7 Qa6 0-1


[Site "https://www.chess.com"]